AoeStats
← [KMNB] Bandeira

Lombardia

508204629Analyzed
3v3 RM · 12d ago on Sep 21, 2026· 33m 31s· 6 players
Game mode
Random Map
Map size
Normal (6 player)
Population
200
Speed
Normal
Resources
Standard
Victory
Conquest
Starting age
Dark Age
Ending age
Imperial Age
RankedLock teamsTeams togetherTeam positionsShared explorationLock speedFull tech treeHidden civsTurbo modeCheats
Victory
Defeat
🇫🇷 Cumans · France
1596
+11
🇫🇷 Saracens · France
1527
+13
🇫🇷 Romans · France
1375
+20
🇧🇷 Magyars · Brazil
1504
-16
🇧🇷 Mongols · Brazil
1452
-14
🇧🇷 Britons · Brazil
1446
-14
[KMNB] Dedão
6:14 Loom
9:38 Feudal Age
11:49 Double-Bit Axe
12:05 Horse Collar
12:57 Forging
16:40 Scale Barding Armor
18:19 Wheelbarrow
20:29 Bloodlines
26:54 Castle Age
[KMNB] Bandeira
7:42 Loom
10:33 Feudal Age
11:19 Double-Bit Axe
[KMNB] Preguiça
9:15 Feudal Age
7:30 Loom
10:07 Double-Bit Axe
12:49 Fletching
13:01 Horse Collar
13:37 Padded Archer Armor
15:31 Gold Mining
18:49 Wheelbarrow
24:56 Castle Age
25:00 Crossbowman
25:37 Bodkin Arrow
26:44 Leather Archer Armor
26:47 Hand Cart
31:42 Ballistics
Superbrasseur
8:05 Loom
10:30 Feudal Age
11:08 Double-Bit Axe
11:43 Man-at-Arms
12:47 Gold Mining
12:38 Man-at-Arms
13:20 Scale Mail Armor
14:05 Horse Collar
21:11 Forging
23:32 Wheelbarrow
29:41 Castle Age
30:41 Chain Mail Armor
30:27 Squires
29:48 Long Swordsman
30:08 Pikeman
31:32 Iron Casting
31:24 Bow Saw
Balgrodor
7:24 Loom
9:34 Feudal Age
11:57 Double-Bit Axe
20:09 Wheelbarrow
28:34 Castle Age
27:00 Scale Barding Armor
27:16 Gold Mining
27:52 Bloodlines
29:39 Chain Barding Armor
29:30 Forging
28:59 Capped Ram
31:45 Iron Casting
Flybidi
6:46 Loom
9:09 Feudal Age
13:36 Fletching
19:45 Padded Archer Armor
28:31 Castle Age
27:50 Double-Bit Axe
27:45 Horse Collar
28:01 Gold Mining
29:08 Bodkin Arrow
29:26 Crossbowman
31:02 Leather Archer Armor
31:49 Bow Saw
33:08 Ballistics
Connection lost

Rejoining the realm…

Still unreachable

The connection could not be restored.

Session expired

The server has moved on; the page needs a fresh start.